 Dungeon Crawl Stone Soup version 0.27-a0-1193-g8631133539 (webtiles) character file.

Game seed: 16431173910166950475

39375 Zonian the Covert (level 14, -4/96 HPs)
             Began as a Kobold Chaos Knight on May 26, 2021.
             Was a Plaything of Xom.
             Killed from afar by a hell hog (37 damage)
             ... with a fireball
             ... on level 2 of the Abyss.
             The game lasted 00:56:06 (23881 turns).

Zonian the Covert (Kobold Chaos Knight)            Turns: 23881, Time: 00:56:07

Health: -4/96      AC: 11    Str: 13    XL:     14   Next: 39%
Magic:  24/24      EV: 25    Int: 17    God:    Xom [*.....]
Gold:   808        SH:  5    Dex: 28    Spells: 19/26 levels left

rFire    . . .     SeeInvis .   K - +9 dagger "Seutzeti" {freeze, Will+ Dex+4}
rCold    . . .     Faith    .   (shield restricted)
rNeg     . . .     Spirit   .   A - +3 leather armour {rPois}
rPois    +         Reflect  +   (no helmet)
rElec    .         Harm     .   R - +1 cloak
rCorr    .         Rampage  .   (no gloves)
Will     ++...                  W - +1 pair of boots
Stlth    ++++++++..             u - amulet of reflection
HPRegen  0.26/turn              T - +6 ring of dexterity
MPRegen  0.19/turn              o - +6 ring of intelligence

@: unable to read
A: small, no large weapons, nightstalker 3, hooves 1, iridescent scales 1, thin
skeletal structure 1, clumsy 1, deformed body, dopey 1, mutation resistance 1,
robust 1, strong 1, inability to read while threatened
a: Renounce Religion


You were on level 2 of the Abyss.
You worshipped Xom.
You were a special plaything of Xom.
You visited 2 branches of the dungeon, and saw 17 of its levels.
You visited the Abyss 1 time.

You collected 1088 gold pieces.
You spent 280 gold pieces at shops.

Inventory:

Hand Weapons
 f - a +6 short sword of electrocution
 i - the +10 dagger of Pride {holy, rElec rF- Str+4}
   (You found it on level 5 of the Dungeon)

   It has been blessed by the Shining One to cause great damage to the undead
   and demons.
   It affects your strength (+4).
   It makes you vulnerable to fire.
   It insulates you from electricity.
 F - a +2 scimitar of flaming
 K - the +9 dagger "Seutzeti" (weapon) {freeze, Will+ Dex+4}
   (You found it on level 9 of the Dungeon)

   It has been specially enchanted to freeze those struck by it, causing extra
   injury to most foes and up to half again as much damage against particularly
   susceptible opponents.
   It can also slow down cold-blooded creatures.
   It affects your dexterity (+4).
   It increases your willpower.
 S - the +4 dagger of Corporal Punishment {venom, rN+ SInv}
   (You took it off an orc on level 11 of the Dungeon)

   It poisons the flesh of those it strikes.
   It protects you from negative energy.
   It lets you see invisible.
Missiles
 d - 37 poisoned darts
 g - 218 sling bullets
 B - 12 curare-tipped darts (quivered)
 E - 5 boomerangs of dispersal
 H - 2 atropa-tipped darts
 P - a throwing net
Armour
 h - a +2 robe of the Archmagi
 l - a +2 scale mail of willpower
 A - a +3 leather armour of poison resistance (worn)
 R - a +1 cloak (worn)
 W - a +1 pair of boots (worn)
Jewellery
 b - a +4 ring of protection
 e - an amulet of magic regeneration
 o - a +6 ring of intelligence (right hand)
 q - a ring of protection from cold
 u - an amulet of reflection (around neck)
 w - a ring of flight
 G - a ring of positive energy
 T - a +6 ring of dexterity (left hand)
Wands
 a - a wand of paralysis (10)
 n - a wand of iceblast (7)
 z - a wand of acid (1)
 I - a wand of flame (67)
Scrolls
 s - a scroll of fog
 t - 2 scrolls of teleportation
 v - a scroll of enchant armour
 y - 4 scrolls of fear
 C - a scroll of identify
 D - 3 scrolls of enchant weapon
 J - 4 scrolls of magic mapping
 X - a scroll of summoning
 Y - 3 scrolls of blinking
 Z - 2 scrolls of holy word
Potions
 c - 9 potions of curing
 j - a potion of lignification
 k - 2 potions of ambrosia
 m - 5 potions of invisibility
 p - 4 potions of brilliance
 r - a potion of magic
 x - 2 potions of heal wounds
 L - a potion of mutation
 N - 2 potions of berserk rage
 O - 2 potions of flight
 Q - 2 potions of haste
 U - 2 potions of resistance {unknown}
 V - a potion of might
Miscellaneous
 M - a phial of floods


   Skills:
 + Level 10.6 Fighting
 - Level 11.9 Short Blades
 - Level 5.0 Armour
 + Level 10.7 Dodging
 + Level 12.5 Stealth
 - Level 0.2 Shields
 + Level 6.8 Spellcasting
 + Level 6.1 Conjurations
 + Level 3.0 Translocations
 - Level 4.1 Transmutations
 + Level 5.6 Earth Magic
 - Level 3.8 Poison Magic
 + Level 9.3 Evocations


You had 19 spell levels left.
You knew the following spells:

 Your Spells              Type           Power      Damage    Failure   Level
a - Sting                 Tmut/Pois      76%        1d6       2%          1
b - Magic Dart            Conj           100%       1d8       1%          1
c - Stone Arrow           Conj/Erth      50%        3d10      3%          3
d - Blink                 Tloc           N/A        N/A       6%          2

Your spell library contained the following spells:

 Spells                   Type           Power      Damage    Failure   Level
 Sandblast                Erth           50%        2d12      1%          1
 Beastly Appendage        Tmut           38%        N/A       2%          1
 Passwall                 Tmut/Erth      18%        N/A       3%          2
 Wereblood                Tmut           19%        N/A       4%          2
 Spider Form              Tmut/Pois      9%         N/A       9%          3
 Poisonous Vapours        Pois/Air       24%        N/A       10%         2
 Mephitic Cloud           Conj/Pois/Air  17%        N/A       11%         3
 Conjure Flame            Conj/Fire      16%        6-21      12%         3
 Dazzling Flash           Conj/Hex       32%        N/A       12%         3
 Gell's Gravitas          Tloc           8%         N/A       12%         3
 Corona                   Hex            5%         N/A       14%         1
 Ignite Poison            Fire/Tmut/Pois 14%        N/A       14%         3
 Petrify                  Tmut/Erth      22%        N/A       19%         4
 Call Imp                 Summ           5%         N/A       22%         2
 Ensorcelled Hibernation  Hex/Ice        10%        N/A       22%         2
 Slow                     Hex            5%         N/A       22%         2
 Olgreb's Toxic Radiance  Pois           18%        N/A       30%         4
 Lee's Rapid Deconstruct  Erth           12%        3d10*     36%         5
 Confusing Touch          Hex            5%         N/A       41%         3
 Tukima's Dance           Hex            5%         N/A       41%         3
 Ice Form                 Ice/Tmut       12%        N/A       52%         4
 Hydra Form               Tmut           9%         N/A       58%         5
 Yara's Violent Unravell  Hex/Tmut       6%         3d5       86%         5
 Summon Forest            Summ/Tloc      5%         N/A       91%         5
 Metabolic Englaciation   Hex/Ice        2%         N/A       99%         5
 Summon Mana Viper        Hex/Summ       5%         N/A       99%         5
 Shadow Creatures         Summ           N/A        N/A       100%        6
 Summon Hydra             Summ           2%         N/A       100%        7


Dungeon Overview and Level Annotations

Branches:
Dungeon (13/15)            Temple (0/1) D:4            Lair (4/6) D:9
 Spider (0/4) Lair:2          Orc (0/2) D:12
  Swamp: Lair:2-4    Shoals: Lair:2-4    Vaults: D:13-14

Altars:
Ashenzari
Cheibriados
Dithmenos
Fedhas
Gozag
Kikubaaqudgha
Qazlal
Ru
Sif Muna
Uskayaw
Vehumet
Xom
Yredelemnul

Shops:
D:2 *

Annotations:
D:2 1 runed translucent door, Crazy Yiuf
D:10 exclusion: obsidian statue
D:12 Petevairch's ghost, journeyman DDFi; Ygoawn's ghost, journeyman DsGl
Lair:4 2 transporters, exclusion: oklob plant


Innate Abilities, Weirdness & Mutations

You are small and have problems with some larger weapons.
You are completely attuned to the shadows.
You have large cloven feet.
You are partially covered in iridescent scales. (AC +2)
You have a somewhat thin skeletal structure. (Dex +2, Stealth+)
You are clumsy. (Dex -2)
Armour fits poorly on your strangely shaped body.
You are dopey. (Int -2)
You are somewhat resistant to further mutation.
You are robust. (+10% HP)
Your muscles are strong. (Str +2)
You sometimes lose the ability to read scrolls when taking damage.


Message History

The hell hog breathes fire at you.
The fireball explodes!
The fireball engulfs you!!
A hell hog comes into view.
Unknown command.
Aiming: Iceblast
Press: ? - help, Shift-Dir - straight line, p - hell hog The mass of ice explodes!
The iceblast engulfs the hell hog!!
The hell hog is almost dead.
The iceblast engulfs the hell hog!!
The hell hog is moderately wounded.
A hell hog comes into view.
The hell hog breathes fire at you.
The fireball explodes!
The fireball engulfs you!!!
You feel threatened and lose the ability to read scrolls!
* * * LOW HITPOINT WARNING * * *
Unknown command.
You puncture the hell hog! You freeze the hell hog.
You kill the hell hog!
Unknown command.
Aiming: Iceblast
Press: ? - help, Shift-Dir - straight line, f - hell hog
Aim: a hell hog (moderately wounded)
The mass of ice explodes!
The iceblast engulfs the hell hog!!
The hell hog is severely wounded.
The iceblast engulfs the hell hog!!
The hell hog is heavily wounded.
The hell hog breathes fire at you.
The fireball explodes!
The fireball engulfs you!!
* * * LOW HITPOINT WARNING * * *
Xom is amused.
Unknown command.
You feel much better. "Heh heh heh..."
You are confused.
You feel better.
A hell hog comes into view.
The hell hog breathes fire at you.
The fireball explodes!
The fireball engulfs you!!!
You die...
Xom thinks this is hilarious!

.##..h #....# #
#..hh#.# #.?†...#
#.#@#
#.#...####.##
.....### # .##.
#.###....##.....).
. #...#...#... .
....#....#.. . .
.#..##.... #. ##..
#.......# #.#
#.......


You could see 3 hell hogs.

Vanquished Creatures
  A hydra (D:13)
  3 vault guards (D:13)
  An ogre mage (D:13)
  4 centaur warriors
  Erica (Lair:1)
  4 two-headed ogres
  A hell hog (Abyss:2)
  Urug (Lair:1)
  Sonja (Lair:2)
  Pikel (D:4)
  A deep elf pyromancer (D:13)
  2 ugly things
  A moth of wrath (D:11)
  An orc sorcerer (D:13)
  3 cyclopes
  A manticore (D:13)
  Maurice (D:8)
  5 elephants (Lair:3)
  A gargoyle (D:13)
  6 cane toads
  A torpor snail (Lair:2)
  4 komodo dragons
  A yaktaur (D:13)
  Maggie (Lair:2)
  A rime drake (Lair:3)
  3 trolls
  2 queen bees
  A polar bear (Lair:1)
  A merfolk (Lair:4)
  3 dream sheep (Lair:2)
  2 slime creatures (D:13)
  Grinder (D:3)
  34 yaks
  4 basilisks
  2 wyverns
  A water elemental (D:12)
  4 wraiths
  A human (D:13)
  A steam dragon (D:6)
  2 vampire mosquitoes (D:12)
  3 acid dragons
  6 water moccasins
  Duvessa (D:7)
  4 orc warriors
  2 necrophages
  2 ice beasts (D:8)
  22 wolves
  An ogre (D:4)
  13 centaurs
  3 phantoms
  2 lemures (D:4)
  3 kobold brigands
  8 bullfrogs
  A wyvern zombie (D:9)
  5 scorpions
  Dowan (D:7)
  A killer bee (D:9)
  A wight (D:9)
  An electric eel (D:12)
  6 centaur zombies
  4 howler monkeys
  A bullfrog zombie (D:6)
  A jelly (D:5)
  2 centaur skeletons
  3 hounds
  11 orc priests
  Jessica (D:2)
  Terence (D:3)
  Natasha (twice) (D:2)
  10 orc wizards
  11 hell rats (Lair:3)
  A hound skeleton (D:3)
  Robin (D:3)
  5 howler monkey zombies (D:9)
  4 gnolls (D:7)
  9 adders
  10 river rats (Lair:3)
  2 white imps (D:6)
  2 worms (Lair:2)
  A dart slug (D:2)
  45 orcs
  4 bats
  6 endoplasms
  6 giant cockroaches
  13 hobgoblins
  14 jackals
  18 kobolds
  7 quokkas
  8 ball pythons
  3 frilled lizards
  10 goblins
  18 rats
430 creatures vanquished.

Vanquished Creatures (collateral kills)
  A cane toad (Lair:2)
  A gargoyle (D:12)
  Sigmund (D:4)
  2 yaks (D:5)
5 creatures vanquished.

Vanquished Creatures (others)
  A centaur warrior (D:13)
  2 centaurs (D:13)
  8 fungi
  10 plants
21 creatures vanquished.

Grand Total: 456 creatures vanquished

Notes
Turn   | Place    | Note
-------+----------+-------------------------------------------
     0 | D:1      | Zonian the Kobold Chaos Knight began the quest for the Orb.
     0 | D:1      | Reached XP level 1. HP: 14/14 MP: 1/1
   166 | D:1      | Reached XP level 2. HP: 19/19 MP: 2/2
   206 | D:1      | XOM: silly message
   385 | D:1      | XOM is BORED!
   613 | D:1      | Reached XP level 3. HP: 23/23 MP: 3/3
  1171 | D:2      | Reached skill level 5 in Short Blades
  1171 | D:2      | Reached skill level 1 in Armour
  1171 | D:2      | Reached skill level 1 in Stealth
  1252 | D:2      | XOM: silly message
  1327 | D:2      | Found a faded altar of an unknown god.
  1370 | D:2      | XOM: silly message
  1477 | D:2      | XOM: 3-stop teleportation journey
  1532 | D:2      | XOM: scenery: create altars
  1675 | D:2      | Found Ycwant's General Store.
  1860 | D:2      | Reached XP level 4. HP: 28/29 MP: 4/4
  1921 | D:2      | Noticed Jessica
  1924 | D:2      | Killed Jessica
  1925 | D:2      | Reached skill level 2 in Stealth
  2113 | D:2      | You fall into a shaft and drop 2 floors!
  2113 | D:4      | XOM: noise
  2228 | D:3      | Reached XP level 5. HP: 33/33 MP: 5/5
  2316 | D:3      | Noticed Terence
  2324 | D:3      | XOM: divination: detect items
  2330 | D:3      | Killed Terence
  2686 | D:3      | XOM: god gift: 2 bubbling puce potions {god gift}
  3026 | D:3      | Noticed Robin
  3033 | D:3      | Killed Robin
  3043 | D:3      | Noticed Grinder
  3066 | D:3      | Killed Grinder
  3067 | D:3      | Reached skill level 3 in Stealth
  3067 | D:3      | Reached XP level 6. HP: 25/38 MP: 6/6
  3105 | D:3      | XOM: give mutation
  3105 | D:3      | Gained mutation: You expend magic power (3 MP) to
                  | strengthen your wands. [Xom's mischief]
  3149 | D:3      | XOM: summons 3 hostile shadow creatures
  3395 | D:3      | XOM: god gift: 23 gold pieces
  3527 | D:3      | XOM: cloud trail
  3584 | D:3      | Reached XP level 7. HP: 43/43 MP: 7/7
  3957 | D:2      | Noticed Natasha
  3961 | D:2      | Killed Natasha
  4078 | D:2      | Found a runed translucent door.
  4081 | D:2      | Noticed Crazy Yiuf
  4128 | D:2      | Noticed Natasha
  4132 | D:2      | Killed Natasha
  4206 | D:2      | XOM: give mutation
  4206 | D:2      | Gained mutation: You are partially covered in iridescent
                  | scales. (AC +2) [Xom's grace]
  4336 | D:2      | XOM is BORED!
  4535 | D:4      | XOM: silly message
  4584 | D:4      | Noticed Sigmund
  4679 | D:4      | XOM: 2-stop teleportation journey
  4869 | D:4      | Noticed Pikel
  4878 | D:4      | Killed Pikel
  4879 | D:4      | Reached skill level 5 in Fighting
  4879 | D:4      | Reached skill level 4 in Stealth
  4879 | D:4      | Reached XP level 8. HP: 36/49 MP: 8/8
  4917 | D:4      | XOM: noise
  5061 | D:4      | Found a staircase to the Ecumenical Temple.
  5203 | D:4      | XOM: silly message
  5269 | D:4      | XOM: silly message
  5332 | D:4      | XOM: noise
  5343 | D:4      | XOM: 4-stop teleportation journey
  5424 | D:4      | XOM: summons 8 friendly demons
  5428 | D:4      | Killed Sigmund
  5429 | D:4      | Reached skill level 5 in Stealth
  5864 | D:4      | XOM: noise
  5868 | D:5      | Entered Level 5 of the Dungeon
  5975 | D:5      | Noticed a yak
  6001 | D:5      | Noticed a yak
  6308 | D:5      | Reached XP level 9. HP: 49/54 MP: 9/9
  6340 | D:5      | XOM: give mutation
  6340 | D:5      | Gained mutation: You are clumsy. (Dex -2) [Xom's mischief]
  6409 | D:5      | Identified the +10 dagger of Pride {holy, rElec rF- Str+4}
  6724 | D:5      | XOM: summons 2 hostile shadow creatures
  6788 | D:5      | XOM: swap monsters
  7016 | D:6      | Reached skill level 6 in Stealth
  7149 | D:6      | XOM: stat loss: -1 Str (9/10)
  7263 | D:6      | XOM: summons 3 hostile shadow creatures
  7349 | D:6      | XOM: give mutations
  7349 | D:6      | Gained mutation: Your body sometimes deteriorates upon
                  | taking damage. [Xom's mischief]
  7349 | D:6      | Gained mutation: You are very clumsy. (Dex -4) [Xom's
                  | mischief]
  7349 | D:6      | Gained mutation: You sometimes lose the ability to read
                  | scrolls when taking damage. [Xom's mischief]
  7349 | D:6      | Lost mutation: You expend magic power (3 MP) to strengthen
                  | your wands. [Xom's mischief]
  7438 | D:6      | XOM: swap monsters
  7448 | D:6      | XOM: summons 2 hostile shadow creatures
  7454 | D:6      | Reached skill level 5 in Armour
  7785 | D:6      | Reached skill level 5 in Dodging
  8009 | D:6      | Found a stormy altar of Qazlal.
  8010 | D:6      | Found an opulent altar of Gozag.
  8011 | D:6      | Found a broken altar of Ashenzari.
  8068 | D:7      | Noticed Duvessa
  8068 | D:7      | Noticed Dowan
  8070 | D:7      | Killed Duvessa
  8078 | D:7      | Killed Dowan
  8182 | D:7      | XOM: polymorph orc -> ball python
  8199 | D:7      | Reached skill level 10 in Short Blades
  8199 | D:7      | Reached skill level 1 in Evocations
  8252 | D:7      | XOM is BORED!
  8252 | D:7      | XOM: chaos upgrade
  8299 | D:7      | XOM: stat loss: -1 Int (18/19)
  8373 | D:7      | XOM: chaos cloud
  8377 | D:7      | XOM: chaos upgrade
  8637 | D:7      | Reached skill level 7 in Stealth
  8637 | D:7      | Reached XP level 10. HP: 38/61 MP: 10/10
  8799 | D:7      | XOM: 9-stop teleportation journey
  8831 | D:7      | XOM: summons 2 hostile demons
  9078 | D:8      | Found a sacrificial altar of Ru.
  9349 | D:8      | Found a shadowy altar of Dithmenos.
  9456 | D:8      | Found a snail-covered altar of Cheibriados.
  9701 | D:8      | XOM is BORED!
  9701 | D:8      | XOM: polymorph yak -> ice beast
  9733 | D:8      | Noticed Maurice
  9740 | D:8      | Killed Maurice
  9805 | D:5      | XOM: cast spell 'Death Channel'
  9819 | D:5      | Reached skill level 8 in Stealth
  9884 | D:2      | Bought a book of Misfortune for 280 gold pieces
  9886 | D:2      | Learned a level 1 spell: Sting
  9891 | D:2      | XOM: divination: detect items
 10317 | D:9      | XOM: noise
 10369 | D:9      | XOM: swap monsters
 10398 | D:9      | Found a basalt altar of Yredelemnul.
 10419 | D:9      | Noticed a two-headed ogre
 10422 | D:9      | Killed a two-headed ogre
 10423 | D:9      | Reached skill level 1 in Spellcasting
 10423 | D:9      | Reached skill level 1 in Transmutations
 10423 | D:9      | Reached skill level 1 in Poison Magic
 10443 | D:9      | Found a blossoming altar of Fedhas.
 10579 | D:9      | Noticed a centaur warrior
 10579 | D:9      | Noticed a two-headed ogre
 10586 | D:9      | XOM: enchant monster (bad)
 10599 | D:9      | XOM: confuse monster(s)
 10602 | D:9      | Killed a centaur warrior
 10603 | D:9      | Reached XP level 11. HP: 30/67 MP: 13/13
 10609 | D:9      | XOM: summons friendly ufetubus
 10616 | D:9      | XOM: enchant monster (good)
 10625 | D:9      | Identified the +9 dagger "Seutzeti" {freeze, Will+ Dex+4}
 10629 | D:9      | Reached skill level 9 in Stealth
 10629 | D:9      | Reached skill level 5 in Evocations
 10946 | D:9      | Found a staircase to the Lair.
 11225 | D:9      | XOM: cloud trail
 11256 | D:9      | Noticed a cyclops
 11271 | D:9      | Killed a cyclops
 11368 | D:10     | Entered Level 10 of the Dungeon
 11583 | D:10     | XOM: enchant monster (good)
 11584 | D:10     | Noticed a two-headed ogre
 11600 | D:10     | XOM: potion effect (might)
 11607 | D:10     | XOM: divination: detect items
 11628 | D:9      | XOM: divination: detect items
 12091 | D:10     | XOM: silly message
 12171 | D:10     | Found a radiant altar of Vehumet.
 12184 | D:10     | Identified Vehumet's Volume of Confrontation
 12188 | D:10     | Learned a level 1 spell: Magic Dart
 12190 | D:10     | Found a shimmering blue altar of Sif Muna.
 12193 | D:10     | Found an ancient bone altar of Kikubaaqudgha.
 12258 | D:10     | XOM: potion effect (berserk rage)
 12260 | D:10     | XOM: potion effect (brilliance)
 12265 | D:10     | Killed a two-headed ogre
 12281 | D:10     | Noticed an obsidian statue
 12473 | D:10     | XOM: 3-stop teleportation journey
 12765 | D:10     | Found a hide-covered altar of Uskayaw.
 12788 | D:10     | XOM: god gift: potion of heal wounds
 13108 | D:11     | Noticed a cyclops
 13114 | D:11     | XOM: smoke on damage
 13116 | D:11     | XOM: butterfly on damage
 13117 | D:11     | XOM: polymorph butterfly -> glowing shapeshifter
 13132 | D:10     | Reached skill level 1 in Conjurations
 13512 | D:10     | XOM: god gift: 54 gold pieces
 13519 | D:11     | XOM: silly message
 13527 | D:11     | Killed a cyclops
 13655 | D:11     | XOM: summons 4 hostile demons
 13658 | D:11     | XOM: destruction
 13884 | D:11     | Noticed a two-headed ogre
 13887 | D:11     | Noticed a moth of wrath
 13887 | D:11     | a two-headed ogre changed into a moth of wrath
 13887 | D:11     | XOM: polymorph two-headed ogre -> moth of wrath
 13891 | D:11     | Killed a moth of wrath
 14161 | D:11     | Identified the +4 dagger of Corporal Punishment {venom, rN+
                  | SInv}
 14762 | D:12     | Reached XP level 12. HP: 75/75 MP: 17/17
 14822 | D:12     | Reached skill level 10 in Stealth
 15029 | D:12     | Noticed a two-headed ogre
 15036 | D:12     | Learned a level 3 spell: Stone Arrow
 15064 | D:12     | XOM: cast spell 'Summon Horrible Things'
 15141 | D:12     | XOM: enchant monster (good)
 15154 | D:12     | Killed a two-headed ogre
 15165 | D:12     | Reached skill level 1 in Earth Magic
 15565 | D:12     | XOM: confusion (+ monsters)
 15583 | D:12     | Found a staircase to the Orcish Mines.
 16073 | D:12     | XOM: give mutation
 16073 | D:12     | Gained mutation: You evolve. [Xom's grace]
 16112 | D:12     | XOM: enchant monster (good)
 16245 | D:12     | Found a runed translucent gate.
 16245 | D:12     | Found a runed translucent gate.
 16245 | D:12     | Found a runed translucent gate.
 16432 | D:12     | Noticed Petevairch's ghost (journeyman DDFi)
 16432 | D:12     | Noticed Ygoawn's ghost (journeyman DsGl)
 16500 | D:13     | Noticed a centaur warrior
 16643 | D:12     | XOM is BORED!
 16705 | D:12     | XOM: give mutations
 16705 | D:12     | Lost mutation: You are very clumsy. (Dex -4) [Xom's
                  | mischief]
 16705 | D:12     | Gained mutation: You are dopey. (Int -2) [Xom's mischief]
 16739 | D:13     | Noticed a centaur warrior
 16743 | D:13     | Killed a centaur warrior
 16744 | D:13     | Noticed a centaur warrior
 16745 | D:13     | XOM: enchant monster (good)
 16755 | D:13     | Killed a centaur warrior
 16755 | D:13     | XOM: divine lightning
 17000 | D:13     | XOM: god gift: dire flail {god gift}
 17042 | D:13     | XOM: polymorph green ugly thing -> white ugly thing
 17059 | D:13     | XOM: noise
 17062 | D:13     | XOM: fake destruction
 17067 | D:13     | Killed a centaur warrior
 17074 | D:13     | Noticed a four-headed hydra
 17082 | D:13     | Killed a four-headed hydra
 17189 | D:13     | XOM: 3-stop teleportation journey
 17222 | D:13     | Noticed a centaur warrior
 17225 | D:13     | Killed a centaur warrior
 17226 | D:13     | Reached skill level 5 in Spellcasting
 17246 | D:13     | Reached skill level 11 in Stealth
 17462 | D:13     | XOM: 7-stop teleportation journey
 17658 | D:13     | Reached XP level 13. HP: 26/80 MP: 20/20
 17825 | D:12     | XOM: give mutations
 17825 | D:12     | Gained mutation: You have large cloven feet. [Xom's grace]
 17825 | D:12     | Lost mutation: You evolve. [Xom's grace]
 17825 | D:12     | Gained mutation: You are somewhat resistant to further
                  | mutation. [Xom's grace]
 17825 | D:12     | Gained mutation: You are mostly covered in iridescent
                  | scales. (AC +4) [Xom's grace]
 17872 | D:12     | XOM: give mutations
 17872 | D:12     | Gained mutation: You are robust. (+10% HP) [Xom's grace]
 17872 | D:12     | Gained mutation: You have a somewhat thin skeletal
                  | structure. (Dex +2, Stealth+) [Xom's grace]
 17872 | D:12     | Gained mutation: Your muscles are strong. (Str +2) [Xom's
                  | grace]
 17872 | D:12     | Gained mutation: Your spells are a little harder to cast,
                  | but a little more powerful. [Xom's grace]
 18023 | D:13     | Noticed a vault guard
 18030 | D:13     | XOM: summons 12 friendly demons
 18039 | D:13     | Noticed a vault guard
 18045 | D:13     | Noticed a vault guard
 18063 | D:13     | Killed a vault guard
 18064 | D:13     | Noticed an ogre mage
 18070 | D:13     | Killed an ogre mage
 18343 | D:13     | XOM: enchant monster (good)
 18353 | D:13     | Killed a vault guard
 18360 | D:13     | XOM: god gift: scroll of amnesia
 18411 | D:13     | Killed a vault guard
 18411 | D:13     | XOM: scenery: summon butterflies
 18661 | Lair:1   | Entered Level 1 of the Lair of Beasts
 18727 | Lair:1   | Noticed Urug
 18736 | Lair:1   | Killed Urug
 18741 | Lair:1   | XOM: confuse monster(s)
 18761 | Lair:1   | XOM: polymorph komodo dragon -> queen bee
 19084 | Lair:1   | XOM is BORED!
 19101 | Lair:1   | XOM: silly message
 19289 | Lair:1   | Reached skill level 5 in Conjurations
 19370 | Lair:1   | XOM: 2-stop teleportation journey
 19389 | Lair:1   | Noticed Erica
 19398 | Lair:1   | XOM: divination: detect creatures
 19404 | Lair:1   | Killed Erica
 19787 | Lair:1   | XOM: stat loss: -1 Dex (27/28)
 19887 | Lair:2   | Found a hole to the Spider Nest.
 19929 | Lair:2   | Learned a level 2 spell: Blink
 20211 | Lair:2   | Noticed Maggie
 20215 | Lair:2   | Killed Maggie
 20216 | Lair:2   | Reached skill level 10 in Fighting
 20216 | Lair:2   | Reached skill level 10 in Dodging
 20223 | Lair:2   | XOM: summons 6 friendly demons
 20266 | Lair:2   | XOM: noise
 20268 | Lair:2   | XOM: 10-stop teleportation journey
 20269 | Lair:2   | Noticed Sonja
 20270 | Lair:2   | Killed Sonja
 20521 | Lair:2   | XOM: confuse monster(s)
 20540 | Lair:2   | XOM: give mutations
 20540 | Lair:2   | Lost mutation: You sometimes lose the ability to read
                  | scrolls when taking damage. [Xom's mischief]
 20540 | Lair:2   | Lost mutation: Your body sometimes deteriorates upon taking
                  | damage. [Xom's mischief]
 20626 | Lair:2   | Reached skill level 1 in Translocations
 20727 | Lair:2   | XOM: enchant monster (bad)
 20949 | Lair:2   | XOM: give mutations
 20949 | Lair:2   | Gained mutation: You sometimes lose the ability to read
                  | scrolls when taking damage. [Xom's mischief]
 20949 | Lair:2   | Lost mutation: You are mostly covered in iridescent scales.
                  | (AC +4) [Xom's mischief]
 20952 | Lair:2   | Reached skill level 12 in Stealth
 20985 | Lair:2   | XOM: summons 4 hostile demons
 21060 | Lair:2   | XOM: summons 7 hostile demons
 21603 | Lair:3   | XOM: smoke on damage
 21604 | Lair:3   | XOM: noise
 21606 | Lair:3   | XOM: summons 9 friendly demons
 21718 | Lair:3   | Found a shadowy altar of Dithmenos.
 21852 | Lair:3   | Reached XP level 14. HP: 96/96 MP: 23/23
 21984 | Lair:3   | Reached skill level 5 in Earth Magic
 22007 | Lair:3   | XOM: cleaving
 22015 | Lair:3   | XOM: enchant monster (bad)
 22019 | Lair:3   | XOM: blink monster(s)
 22048 | Lair:3   | XOM: potion effect (brilliance)
 22393 | Lair:3   | XOM: summons friendly shadow imp
 22424 | Lair:3   | XOM: potion effect (invisibility)
 22496 | Lair:3   | XOM: god gift: 17 stones
 22613 | Lair:4   | XOM: noise
 22628 | Lair:4   | Found a transporter.
 22629 | Lair:4   | Found a transporter.
 22928 | Lair:4   | XOM: divination: detect items
 23083 | Lair:4   | XOM: divination: magic mapping
 23094 | Lair:4   | XOM: confuse monster(s)
 23237 | Lair:4   | XOM: god gift: robe {god gift}
 23250 | Lair:4   | XOM: cloud trail
 23455 | Lair:4   | XOM: blink monster(s)
 23493 | Lair:4   | XOM: polymorph yak -> queen bee
 23582 | Lair:4   | XOM: 6-stop teleportation journey
 23596 | Lair:4   | XOM: give mutations
 23596 | Lair:4   | Gained mutation: Armour fits poorly on your strangely
                  | shaped body. [Xom's mischief]
 23596 | Lair:4   | Lost mutation: Your spells are a little harder to cast, but
                  | a little more powerful. [Xom's mischief]
 23767 | Lair:4   | XOM: enchant monster (bad)
 23833 | Lair:4   | Cast into level 2 of the Abyss (Xom)
 23879 | Abyss:2  | HP: 3/96 [hell hog/fireball (25)]
 23880 | Abyss:2  | XOM: confusion
 23881 | Abyss:2  | Killed from afar by a hell hog

Illustrated notes

Levels and vault maps discovered:
D:1:      dpeg_arrival_shrine, layout_basic, grunt_decor_one_mirror
D:2:      layout_basic, basic_ecumenical_altar, serial_shops,
          nicolae_shop_competitors_out_of_business, uniq_jessica, uniq_natasha,
          uniq_crazy_yiuf_cottage
D:3:      layout_basic, uniq_grinder, uniq_robin, uniq_terence
D:4:      layout_gridville, minmay_temple_entry_slanted,
          hangedman_decor_clover_reticule, minmay_misc_feat_pillars,
          grunt_ministairs_15, chequers_serial_rivers_micro_e,
          kennysheep_generic_room_13, uniq_sigmund, uniq_pikel
D:5:      layout_basic
D:6:      layout_rooms, grunt_temple_overflow_diamond,
          minmay_misc_feat_nine_boxes
D:7:      layout_rooms, hangedman_decor_opposing, uniq_duvessa
D:8:      layout_basic, hangedman_ru_absence, cheibriados_altar_1,
          overflow_temple_1_default, st_stairs_14, uniq_maurice
D:9:      layout_roguey, general_overflow_altar,
          nicolae_yredelemnul_corpse_copse, lair_entry_dummy,
          hangedman_glass_teeth, minmay_checkerbox
D:10:     layout_irregular_city, grunt_temple_overflow_magic_moments,
          nicolae_uskayaw_dance_studio, minivault_15
D:11:     layout_cave_pools, dk_noncrumbling_2
D:12:     layout_loops_ring, erik_orc_2, gammafunk_ghost_cemetery
D:13:     layout_rooms, grunt_vaults_entry_fortified
Lair:1:   layout_chaotic_city, grunt_forest_small_clearing_treed, uniq_urug,
          uniq_erica
Lair:2:   layout_roguey, nicolae_spider_entry_non_spiders, minivault_11,
          uniq_maggie, uniq_sonja
Lair:3:   lemuel_ratsnest, layout_concentric_octagons, basic_altar,
          infiniplex_staircase_pool_2
Lair:4:   layout_cave_pods, elwin_shoals_entry_rooms, gammafunk_ghost_hive,
          grunt_megastairs_2
Abyss:2:  base:
D:4

Skill      XL: |  1  2  3  4  5  6  7  8  9 10 11 12 13 14 |
---------------+-------------------------------------------+-----
Short Blades   | 5 6 8 9 10 11 | 11.9
Armour         | 1 2 3 4 5 |  5.0
Stealth        | 1 2 3 4 5 7 8 9 11 12 | 12.5
Dodging        | 3 4 5 7 8 9 10 | 10.7
Fighting       | 4 5 6 7 8 9 10 | 10.6
Evocations     | 2 4 6 7 8 9 |  9.3
Spellcasting   | 1 3 5 6 |  6.8
Transmutations | 2 3 4 |  4.1
Poison Magic   | 1 3 |  3.8
Conjurations   | 2 3 5 6 |  6.1
Earth Magic    | 3 4 5 |  5.6
Translocations | 1 3 |  3.0
Shields        | |  0.2

Action                   |  1- 3 |  4- 6 |  7- 9 | 10-12 | 13-15 || total
-------------------------+-------+-------+-------+-------+-------++-------
Melee: Short sword       |    58 |   109 |   319 |   114 |       ||   600
       Dagger            |       |       |       |   372 |   759 ||  1131
Throw: Dart              |       |       |       |     4 |     3 ||     7
 Cast: Magic Dart        |       |       |       |     9 |     5 ||    14
       Sting             |       |       |       |     3 |       ||     3
Evoke: Wand              |       |       |       |    13 |     6 ||    19
  Use: Scroll            |     7 |     2 |    12 |    10 |     4 ||    35
       Potion            |       |     3 |     1 |     7 |     4 ||    15
 Stab: Sleeping          |     6 |     3 |    10 |    30 |    34 ||    83
       Confused          |       |       |     1 |     2 |     3 ||     6
       Distracted        |       |       |     1 |     3 |     5 ||     9
       Invisible         |       |       |     1 |       |     7 ||     8
       Paralysed         |       |       |       |     1 |       ||     1
       Petrified         |       |       |       |     1 |       ||     1
       Petrifying        |       |       |       |       |     2 ||     2
Armor: Leather armour    |    10 |    27 |       |    64 |    81 ||   182
       Scale mail        |       |     2 |    80 |     1 |       ||    83
Dodge: Dodged            |    32 |    93 |   137 |   305 |   518 ||  1085
Block: Other             |       |       |    33 |    84 |   107 ||   224
       Reflection        |       |       |     1 |     7 |       ||     8

Table legend: (Time is in decaauts)
 A = Elapsed time spent in this place.
 B = Non-inter-level travel time spent in this place.
 C = Inter-level travel time spent in this place.
 D = Time resting spent in this place.
 E = Time spent auto-exploring this place.
 F = Levels seen in this place.
 G = Mean time per level.
                   A        B        C        D        E       F      G
               +--------+--------+--------+--------+--------+-----+--------+
         Total |  23172 |  22151 |   1021 |   5544 |  12914 |  18 | 1287.3 |
       Dungeon |  18283 |  17323 |    960 |   4871 |   9573 |  13 | 1406.4 |
          Lair |   4841 |   4780 |     61 |    673 |   3316 |   4 | 1210.2 |
         Abyss |     47 |     47 |      0 |      0 |     25 |   1 |   47.0 |
               +--------+--------+--------+--------+--------+-----+--------+

Top non-repeatable levels by time:
    D:12: 2397 daAuts
     D:3: 1730 daAuts
     D:4: 1665 daAuts
    D:10: 1629 daAuts
     D:2: 1594 daAuts
     D:9: 1546 daAuts
  Lair:2: 1540 daAuts
    D:13: 1501 daAuts
     D:1: 1158 daAuts
  Lair:4: 1136 daAuts
  Lair:1: 1126 daAuts
     D:6: 1063 daAuts
    D:11: 1052 daAuts
  Lair:3: 1038 daAuts
     D:5: 1018 daAuts
